 Dungeon Crawl Stone Soup version 0.30-a0-867-g305f33218d (webtiles) character file.

Game seed: 12229310230633592377

2 cheesebisquit the Grave Robber (level 1, 0/13 HPs)
             Began as a Mummy Necromancer on Mar 10, 2023.
             Slain by a ball python (2 damage)
             ... on level 1 of the Dungeon.
             The game lasted 00:00:57 (58 turns).

cheesebisquit the Grave Robber (Mummy Necromancer)    Turns: 58, Time: 00:00:57

Health: 0/13       AC:  2    Str: 11    XL:     1   Next: 33%
Magic:  0/4        EV:  9    Int: 14    God:
Gold:   10         SH:  0    Dex: 12    Spells: 4/5 levels left

rFire   x . .      SeeInvis .    (no weapon)
rCold   + . .      Faith    +    (no shield)
rNeg    + + +      Spirit   .    a - +0 robe
rPois   ∞          Reflect  .    (no helmet)
rElec   .          Rampage  .    (no cloak)
rCorr   .                        (no gloves)
Will    .....                    (no boots)
Stlth   ++                       (no amulet)
HPRegen 0.22/turn                (no ring)
MPRegen 0.09/turn                (no ring)

@: constricted
A: cold resistance 1, negative energy resistance 3, torment resistance 2, heat
vulnerability 1, no potions, faith
a: no special abilities


You were on level 1 of the Dungeon.
You visited 1 branch of the dungeon, and saw 1 of its levels.

You collected 10 gold pieces.

Inventory:

Armour
 a - a +0 robe (worn)
 b - a +0 pair of gloves


   Skills:
 + Level 0.3 Fighting
 - Level 1.5 Dodging
 - Level 1.5 Stealth
 + Level 2.8 Spellcasting
 + Level 4.0 Necromancy


You had 4 spell levels left.
You knew the following spells:

 Your Spells              Type           Power      Damage    Failure   Level
a - Necrotise             Necr           52%        1d6       4%          1

Your spell library contained the following spells:

 Spells                   Type           Power      Damage    Failure   Level
 Vampiric Draining        Necr           13%        2d6       12%         3
 Animate Dead             Necr           13%        N/A       38%         4
 Agony                    Necr           13%        N/A       75%         5


Dungeon Overview and Level Annotations

Branches:
Dungeon (1/15)

Altars:


Innate Abilities, Weirdness & Mutations

You are immune to poison.
Your flesh is cold resistant. (rC+)
You are immune to negative energy. (rN+++)
You are immune to unholy pain and torment.
You are vulnerable to heat. (rF-)
You do not drink.
You have a special connection with the divine. (Faith)


Message History

The bat attacks as you move away! The bat hits you but does no damage. x2
You hit the bat but do no damage. The bat completely misses you.
The bat closely misses you.
You hit the bat but do no damage. The bat barely misses you.
You closely miss the bat. The bat barely misses you. x2
You closely miss the bat. The bat barely misses you.
You closely miss the bat. The bat hits you but does no damage.
The bat closely misses you.
Aiming: Necrotise (safe; 4% risk of failure)
Press: ? - help, Q - select action Shift-Dir - straight line, f/p - bat
Aim: a bat (chance to affect: 83%)
The bat writhes in agony.
You kill the bat!
The dead are flying!
The jackal bites your bat skeleton.
Something barely misses your bat skeleton.
You barely miss the ball python.
Your bat skeleton closely misses the jackal.
The ball python barely misses you. The ball python grabs you.
The ball python constricts you. The jackal bites your bat skeleton.
Your bat skeleton completely misses the jackal.
The jackal bites your bat skeleton. The ball python barely misses you.
The ball python constricts you.
Something barely misses your bat skeleton.
You closely miss the ball python.
Your bat skeleton closely misses the jackal.
Your bat skeleton hits the jackal.
Your bat skeleton hits the jackal but does no damage.
The jackal bites your bat skeleton.
Your bat skeleton is destroyed!
The ball python bites you. The ball python constricts you.
The jackal barks!
You can't drink.
You aren't carrying any scrolls.
You barely miss the ball python. The ball python bites you.
* * * LOW HITPOINT WARNING * * *
The ball python constricts you.
You hit the ball python.
The ball python is moderately wounded.
The ball python bites you.
You die...

### #..
#.####################.#
#......@ShK..........K.#
#...######h.....######.#
# .................#
#..##......##..##.#
...................#
########><##########
####


You could see 2 jackals, a ball python and a kobold.

Vanquished Creatures
  A bat (D:1)
  A jackal (D:1)
2 creatures vanquished.

Notes
Turn   | Place    | Note
-------+----------+-------------------------------------------
     0 | D:1      | cheesebisquit the Mummy Necromancer began the quest for the
                  | Orb.
     0 | D:1      | Reached XP level 1. HP: 13/13 MP: 4/4
    58 | D:1      | Slain by a ball python

Illustrated notes

Levels and vault maps discovered:
D:1:      dpeg_arrival_line_fractal, layout_basic,
          chequers_ecumenical_altar_simple_redux, nrook_mini_vaults,
          kennysheep_pointless_box

Action                     || total
---------------------------++-------
  Melee: Unarmed           ||    12
   Cast: Necrotise         ||     6
 Armour: Robe              ||     6
  Dodge: Dodged            ||    16

Table legend: (Time is in decaauts)
 A = Elapsed time spent in this place.
 B = Non-inter-level travel time spent in this place.
 C = Inter-level travel time spent in this place.
 D = Time resting spent in this place.
 E = Time spent auto-exploring this place.
 F = Levels seen in this place.
 G = Mean time per level.
                   A        B        C        D        E       F      G
               +--------+--------+--------+--------+--------+-----+--------+
         Total |     58 |     58 |      0 |      0 |     13 |   1 |   58.0 |
       Dungeon |     58 |     58 |      0 |      0 |     13 |   1 |   58.0 |
               +--------+--------+--------+--------+--------+-----+--------+

Top non-repeatable levels by time:
     D:1: 58 daAuts
